PBL
PORTLAND ANGELS @ CALGARY FLAMES
08/19/2048
 
TOP OF THE 1ST
Portland Angels batting - Pitching for Calgary Flames : RHP Nick Munk
Pitching: RHP Nick Munk
Batting: RHB Jose Garduno 0-0: Foul Ball, location: 2F
0-1: Called Strike
0-2: Foul Ball, location: 2F
0-2: Fly out, F8 (Flyball, 8LM, EV 80.0 MPH)
Batting: RHB Steve Neely 0-0: Foul Ball, location: 2F
0-1: Ball
1-1: SINGLE (Flyball, 89S, EV 90.0 MPH)
Batting: LHB Pavla Markianov 0-0: Ball
Steve Neely is caught stealing 2nd base 2-6
1-0: DOUBLE (Flyball, 8LXD, EV 100.6 MPH)
Batting: RHB Alex Rosaly 0-0: Swinging Strike
0-1: Swinging Strike
0-2: Ball
1-2: Foul Ball, location: 2F
1-2: Ball
2-2: Foul Ball, location: 2F
2-2: Ball
3-2: Foul Ball, location: 2F
3-2: Fly out, F7 (Flyball, 7, EV 90.0 MPH)
Top of the 1st over - 0 runs, 2 hits, 0 errors, 1 left on base; Portland 0 - Calgary 0
BOTTOM OF THE 1ST
Calgary Flames batting - Pitching for Portland Angels : LHP Alejandro Jimenez
Pitching: LHP Alejandro Jimenez
Batting: LHB Garrett Dodge 0-0: Ball
1-0: Ball
2-0: Foul Ball, location: 2F
2-1: Swinging Strike
2-2: Foul Ball, location: 2F
2-2: Strikes out looking
Batting: RHB Peter Frankel 0-0: Called Strike
0-1: Ball
1-1: Foul Ball, location: 2F
1-2: Ball
2-2: Ball
3-2: Strikes out swinging passed ball, reaches first!
Batting: RHB Norinaga Yamakawakamatsu 0-0: Foul Ball, location: 2F
0-1: Ball
1-1: SINGLE (Groundball, 34D, EV 105.0 MPH)
Peter Frankel to second
Runner from 2nd tries for 3rd, SAFE, throw by RF made to third
Batting: RHB Willie Torres 0-0: Foul Ball, location: 2F
0-1: Fly out, F2 (Popup, 23F, EV 84.4 MPH)
Batting: RHB Andre Thompson 0-0: Ball
1-0: Ball
Wild Pitch!
Peter Frankel scores
Norinaga Yamakawakamatsu to second
2-0: Called Strike
2-1: Foul Ball, location: 2F
2-2: Ground out 4-3 (Groundball, 4, EV 76.9 MPH)
Bottom of the 1st over - 1 run, 1 hit, 0 errors, 1 left on base; Portland 0 - Calgary 1
TOP OF THE 2ND
Portland Angels batting - Pitching for Calgary Flames : RHP Nick Munk
Batting: LHB Kevin Feldman 0-0: Ball
1-0: Fly out, F7 (Flyball, 7D, EV 87.5 MPH)
Batting: RHB Mario Martinez 0-0: Ball
1-0: Ball
2-0: Foul Ball, location: 2F
2-1: Ball
3-1: Fly out, F8 (Line Drive, 8RM, EV 94.4 MPH)
Batting: LHB David Coatney 0-0: Ball
1-0: Foul Ball, location: 2F
1-1: Ball
2-1: Foul Ball, location: 2F
2-2: Ground out U3 (Groundball, 3S, EV 81.9 MPH)
Top of the 2nd over - 0 runs, 0 hits, 0 errors, 0 left on base; Portland 0 - Calgary 1
BOTTOM OF THE 2ND
Calgary Flames batting - Pitching for Portland Angels : LHP Alejandro Jimenez
Batting: RHB Juan Mercado 0-0: Swinging Strike
0-1: Ball
1-1: Foul Ball, location: 2F
1-2: Fly out, F9 (Flyball, 9LM, EV 90.0 MPH)
Batting: RHB Chad Stady 0-0: Called Strike
0-1: Called Strike
0-2: Strikes out swinging
Batting: RHB Antonio Martinez 0-0: Ball
1-0: Fly out, F8 (Flyball, 8RD, EV 88.1 MPH)
Bottom of the 2nd over - 0 runs, 0 hits, 0 errors, 0 left on base; Portland 0 - Calgary 1
TOP OF THE 3RD
Portland Angels batting - Pitching for Calgary Flames : RHP Nick Munk
Batting: LHB Miguel Hernandez 0-0: Ball
1-0: Called Strike
1-1: Ball
2-1: Ball
3-1: Base on Balls
Batting: LHB John Harvey 0-0: Foul Ball, location: 2F
0-1: Fielders Choice at 2nd, 6-4 (Groundball, 56, EV 78.8 MPH)
Batting: RHB Jose Garduno 0-0: Ball
1-0: Ball
2-0: Called Strike
2-1: Called Strike
2-2: Ball
3-2: Foul Ball, location: 2F
3-2: Base on Balls
John Harvey to second
Batting: RHB Steve Neely 0-0: Foul Ball, location: 2F
0-1: Ball
1-1: Foul Ball, location: 2F
1-2: Reached on error, E3 (Groundball, 34S, EV 84.4 MPH)
John Harvey to third
Jose Garduno to second
Batting: LHB Pavla Markianov 0-0: Ball
1-0: Called Strike
1-1: Ball
2-1: Ball
3-1: Base on Balls
John Harvey scores
Jose Garduno to third
Steve Neely to second
Batting: RHB Alex Rosaly 0-0: Fly out, F8 (Flyball, 8LXD, EV 97.5 MPH)
Runner from 3rd tags up, SCORES, no throw by CF
Batting: LHB Kevin Feldman 0-0: Ball
1-0: Fielders Choice at 2nd, 5-4 (Groundball, 56, EV 101.9 MPH)
Top of the 3rd over - 2 runs, 0 hits, 1 error, 2 left on base; Portland 2 - Calgary 1
BOTTOM OF THE 3RD
Calgary Flames batting - Pitching for Portland Angels : LHP Alejandro Jimenez
Batting: RHB Pablo Henriquez 0-0: Ball
1-0: Fly out, F6 (Popup, 6S, EV 86.9 MPH)
Batting: LHB Garrett Dodge 0-0: Ball
1-0: Ball
2-0: Ball
3-0: Called Strike
3-1: Base on Balls
Batting: RHB Peter Frankel 0-0: SINGLE (Line Drive, 7LS, EV 91.9 MPH)
Garrett Dodge to second
Batting: RHB Norinaga Yamakawakamatsu 0-0: 3-RUN HOME RUN (Flyball, 7D, EV 108.8 MPH), Distance : 419 ft
Batting: RHB Willie Torres 0-0: Foul Ball, location: 2F
0-1: Ball
1-1: Swinging Strike
1-2: Ball
2-2: Ground out 6-3 (Groundball, 6, EV 99.4 MPH)
Batting: RHB Andre Thompson 0-0: Ball
1-0: Ball
2-0: Called Strike
2-1: Foul Ball, location: 2F
2-2: Fly out, F7 (Flyball, 78D, EV 99.4 MPH)
Bottom of the 3rd over - 3 runs, 2 hits, 0 errors, 0 left on base; Portland 2 - Calgary 4
TOP OF THE 4TH
Portland Angels batting - Pitching for Calgary Flames : RHP Nick Munk
Batting: RHB Mario Martinez 0-0: Called Strike
0-1: Foul Ball, location: 2F
0-2: Ball
1-2: Strikes out swinging
Batting: LHB David Coatney 0-0: Ball
1-0: Fly out, F8 (Flyball, 78D, EV 98.1 MPH)
Batting: LHB Miguel Hernandez 0-0: Ball
1-0: Foul Ball, location: 2F
1-1: Ball
2-1: Ball
3-1: Called Strike
3-2: Foul Ball, location: 2F
3-2: Strikes out swinging
Top of the 4th over - 0 runs, 0 hits, 0 errors, 0 left on base; Portland 2 - Calgary 4
BOTTOM OF THE 4TH
Calgary Flames batting - Pitching for Portland Angels : LHP Alejandro Jimenez
Batting: RHB Juan Mercado 0-0: Called Strike
0-1: Foul Ball, location: 2F
0-2: Strikes out swinging
Batting: RHB Chad Stady 0-0: DOUBLE (Flyball, 8RD, EV 106.2 MPH)
Batting: RHB Antonio Martinez 0-0: Called Strike
0-1: SINGLE (Flyball, 34D, EV 85.6 MPH)
Chad Stady to third
Batting: RHB Pablo Henriquez 0-0: Called Strike
0-1: Foul Ball, location: 2F
0-2: Fly out, F8 (Flyball, 8RS, EV 65.6 MPH)
Batting: LHB Garrett Dodge 0-0: Swinging Strike
0-1: Ball
1-1: Ball
2-1: Foul Ball, location: 2F
2-2: Strikes out looking
Bottom of the 4th over - 0 runs, 2 hits, 0 errors, 2 left on base; Portland 2 - Calgary 4
TOP OF THE 5TH
Portland Angels batting - Pitching for Calgary Flames : RHP Nick Munk
Batting: LHB John Harvey 0-0: Swinging Strike
0-1: Ground out 2-3 (Groundball, 2L, EV 72.5 MPH)
Batting: RHB Jose Garduno 0-0: Called Strike
0-1: Ball
1-1: Foul Ball, location: 2F
1-2: Strikes out swinging
Batting: RHB Steve Neely 0-0: Called Strike
0-1: Called Strike
0-2: Ball
1-2: Fly out, F9 (Flyball, 9, EV 84.4 MPH)
Top of the 5th over - 0 runs, 0 hits, 0 errors, 0 left on base; Portland 2 - Calgary 4
BOTTOM OF THE 5TH
Calgary Flames batting - Pitching for Portland Angels : LHP Alejandro Jimenez
Batting: RHB Peter Frankel 0-0: Called Strike
0-1: Swinging Strike
0-2: Ball
1-2: Ball
2-2: Strikes out swinging, 2-3 out at first.
Batting: RHB Norinaga Yamakawakamatsu 0-0: Ball
1-0: Fly out, F9 (Flyball, 9, EV 78.8 MPH)
Batting: RHB Willie Torres 0-0: Ball
1-0: Ball
2-0: Foul Ball, location: 2F
2-1: Ball
3-1: Base on Balls
Pitching: RHP Austin Reitz
Batting: RHB Andre Thompson 0-0: Swinging Strike
0-1: Foul Ball, location: 2F
0-2: Strikes out swinging
Bottom of the 5th over - 0 runs, 0 hits, 0 errors, 1 left on base; Portland 2 - Calgary 4
TOP OF THE 6TH
Portland Angels batting - Pitching for Calgary Flames : RHP Nick Munk
Batting: LHB Pavla Markianov 0-0: Swinging Strike
0-1: Foul Ball, location: 2F
0-2: Ball
1-2: Fly out, F7 (Flyball, 78XD, EV 106.9 MPH)
Batting: RHB Alex Rosaly 0-0: SINGLE (Line Drive, 3D, EV 97.5 MPH)
Batting: LHB Kevin Feldman 0-0: Ball
1-0: Ball
2-0: Ball
3-0: Base on Balls
Alex Rosaly to second
Batting: RHB Mario Martinez 0-0: Swinging Strike
0-1: Ball
1-1: Ball
2-1: Foul Ball, location: 2F
2-2: Foul Ball, location: 2F
2-2: Strikes out swinging
Pinch Hitting: SHB Manuel Martinez 0-0: Foul Ball, location: 2F
0-1: Ball
1-1: Ball
2-1: Swinging Strike
2-2: Ball
3-2: Foul Ball, location: 2F
3-2: Foul Ball, location: 2F
3-2: Foul Ball, location: 2F
3-2: Foul Ball, location: 2F
3-2: Base on Balls
Alex Rosaly to third
Kevin Feldman to second
Batting: SHB Cesar Carrasquillo 0-0: Called Strike
0-1: Fly out, F7 (Flyball, 78D, EV 93.1 MPH)
Top of the 6th over - 0 runs, 1 hit, 0 errors, 3 left on base; Portland 2 - Calgary 4
BOTTOM OF THE 6TH
Calgary Flames batting - Pitching for Portland Angels : RHP Austin Reitz
Now in LF: Lourens Aukema
Now in RF: Kevin Feldman
Pinch Hitting: LHB Gary Corrales 0-0: Ball
1-0: Called Strike
1-1: Ball
2-1: Swinging Strike
2-2: Strikes out swinging
Batting: RHB Chad Stady 0-0: Called Strike
0-1: Ball
1-1: Foul Ball, location: 2F
1-2: Ball
2-2: Foul Ball, location: 2F
2-2: Strikes out swinging
Batting: RHB Antonio Martinez 0-0: Ball
1-0: Ground out 5-3 (Groundball, 56, EV 100.6 MPH)
Bottom of the 6th over - 0 runs, 0 hits, 0 errors, 0 left on base; Portland 2 - Calgary 4
TOP OF THE 7TH
Portland Angels batting - Pitching for Calgary Flames : RHP Nick Munk
Pitching: RHP Scott Howarth
Now in LF: Mick Vaught
Batting: LHB John Harvey 0-0: Called Strike
0-1: Called Strike
0-2: Ball
1-2: Foul Ball, location: 2F
1-2: Strikes out looking
Batting: RHB Jose Garduno 0-0: Ball
1-0: Ball
2-0: Foul Ball, location: 2F
2-1: Ball
3-1: Base on Balls
Pinch Hitting: LHB Jon Rahn 0-0: Called Strike
0-1: Ball
1-1: Called Strike
1-2: Foul Ball, location: 2F
1-2: Strikes out looking
Batting: LHB Pavla Markianov 0-0: Called Strike
0-1: Foul Ball, location: 2F
0-2: Strikes out looking
Top of the 7th over - 0 runs, 0 hits, 0 errors, 1 left on base; Portland 2 - Calgary 4
BOTTOM OF THE 7TH
Calgary Flames batting - Pitching for Portland Angels : RHP Austin Reitz
Now in CF: Dan Contreras
Batting: RHB Pablo Henriquez 0-0: Called Strike
0-1: Ball
1-1: Fly out, F9 (Flyball, 9S, EV 82.5 MPH)
Batting: LHB Garrett Dodge 0-0: Fly out, F5 (Popup, 5SF, EV 84.4 MPH)
Batting: RHB Peter Frankel 0-0: Ball
1-0: Called Strike
1-1: Called Strike
1-2: Strikes out swinging
Bottom of the 7th over - 0 runs, 0 hits, 0 errors, 0 left on base; Portland 2 - Calgary 4
TOP OF THE 8TH
Portland Angels batting - Pitching for Calgary Flames : RHP Scott Howarth
Batting: RHB Alex Rosaly 0-0: Ball
1-0: Called Strike
1-1: Foul Ball, location: 2F
1-2: Strikes out swinging
Batting: LHB Kevin Feldman 0-0: Called Strike
0-1: Ball
1-1: Swinging Strike
1-2: Ball
2-2: Strikes out swinging
Pinch Hitting: RHB Shawn Jansen 0-0: Ball
1-0: Foul Ball, location: 2F
1-1: Foul Ball, location: 2F
1-2: Strikes out looking
Top of the 8th over - 0 runs, 0 hits, 0 errors, 0 left on base; Portland 2 - Calgary 4
BOTTOM OF THE 8TH
Calgary Flames batting - Pitching for Portland Angels : RHP Austin Reitz
Now at 3B: Shawn Jansen
Batting: RHB Norinaga Yamakawakamatsu 0-0: Ball
1-0: Fly out, F8 (Line Drive, 8LS, EV 91.9 MPH)
Batting: RHB Willie Torres 0-0: Ball
1-0: Called Strike
1-1: Swinging Strike
1-2: Strikes out swinging
Batting: RHB Andre Thompson 0-0: Ball
1-0: Ground out 4-3 (Groundball, 4, EV 85.6 MPH)
Bottom of the 8th over - 0 runs, 0 hits, 0 errors, 0 left on base; Portland 2 - Calgary 4
TOP OF THE 9TH
Portland Angels batting - Pitching for Calgary Flames : RHP Scott Howarth
Pitching: RHP Dylan Aceituno
Now at 3B: Alejandro Patron
Now at SS: Andre Thompson
Now in CF: Peter Frankel
Pinch Hitting: RHB Fernando Sosa 0-0: Ball
1-0: Ball
2-0: Called Strike
2-1: Swinging Strike
2-2: Strikes out looking
Batting: SHB Cesar Carrasquillo 0-0: Called Strike
0-1: Fly out, F8 (Flyball, 8RXD, EV 95.0 MPH)
Pinch Hitting: LHB Lupe Garcia 0-0: Foul Ball, location: 2F
0-1: Ground out 5-3 (Groundball, 5, EV 83.8 MPH)
Top of the 9th over - 0 runs, 0 hits, 0 errors, 0 left on base; Portland 2 - Calgary 4
Tuesday, March 28th , 2023 - OOTP Baseball 23.10 Build 110